 Dungeon Crawl Stone Soup version 0.29-a0-330-g52719c12eb (webtiles) character file.

Game seed: 13621286607015119795

80 Ajdolov the Gusty (level 4, 0/39 HPs)
             Began as an Ogre Air Elementalist on Apr 19, 2022.
             Slain by a hound (5 damage)
             ... on level 2 of the Dungeon.
             The game lasted 00:03:26 (1981 turns).

Ajdolov the Gusty (Ogre Air Elementalist)           Turns: 1981, Time: 00:03:27

Health: 0/39       AC:  3    Str: 12    XL:     4   Next: 39%
Magic:  1/7        EV:  9    Int: 18    God:
Gold:   129        SH:  0    Dex:  9    Spells: 6/7 levels left

rFire   . . .      SeeInvis .   c - +1 spear (freeze)
rCold   . . .      Faith    .   (no shield)
rNeg    . . .      Spirit   .   a - +0 robe
rPois   .          Reflect  .   (helmet restricted)
rElec   .          Harm     .   (no cloak)
rCorr   .          Rampage  .   (gloves unavailable)
Will    .....                   (boots unavailable)
Stlth   +.........              (no amulet)
HPRegen 0.13/turn               (no ring)
MPRegen 0.10/turn               (no ring)

@: no status effects
A: large, unfitting armour, tough skin 1
a: no special abilities


You were on level 2 of the Dungeon.
You visited 1 branch of the dungeon, and saw 3 of its levels.

You collected 129 gold pieces.

Inventory:

Hand Weapons
 c - a +1 spear of freezing (weapon)
Missiles
 g - 3 throwing nets
Armour
 a - a +0 robe (worn)
Scrolls
 d - a scroll of identify {unknown}
 f - 2 scrolls of blinking {unknown}
 h - a scroll of brand weapon {unknown}
 i - a scroll of amnesia {unknown}
 k - a scroll of noise {unknown}
Potions
 b - 4 potions of magic
 e - a potion of resistance {unknown}
 j - a potion of curing {unknown}


   Skills:
 - Level 1.7 Dodging
 - Level 1.4 Stealth
 - Level 2.4 Spellcasting
 * Level 2.6 Conjurations
 * Level 3.7 Air Magic


You had 6 spell levels left.
You knew the following spells:

 Your Spells              Type           Power      Damage    Failure   Level
a - Shock                 Conj/Air       52%        1d6       4%          1

Your spell library contained the following spells:

 Spells                   Type           Power      Damage    Failure   Level
 Static Discharge         Conj/Air       13%        N/A       7%          2
 Swiftness                Air            15%        N/A       11%         3
 Airstrike                Air            7%         N/A       36%         4


Dungeon Overview and Level Annotations

Branches:
Dungeon (3/15)

Altars:


Innate Abilities, Weirdness & Mutations

You are too large for most types of armour.
You have tough skin. (AC +1)


Message History

The hound bites you but does no damage. The hound bites you.
You closely miss the hound.
The hound is severely wounded.
The hound closely misses you. The hound bites you.
You hit the hound. You freeze the hound.
The hound is almost dead.
The hound closely misses you.
You are too injured to fight recklessly!
You are too injured to fight recklessly!
You are too injured to fight recklessly!
Aiming: Shock (safe; 4% risk of failure)
Press: ? - help, Q - select action, (/) - cycle Shift-Dir - straight line, f/p - hound
Aim: a hound (almost dead, 56% to hit)
The zap misses the hound.
The hound barely misses you. x2
Unknown command.
You hit the hound but do no damage.
The hound is almost dead.
The hound bites you but does no damage. The hound bites you.
You barely miss the hound.
The hound is almost dead.
The hound bites you but does no damage.
You barely miss the hound.
The hound is almost dead.
The hound barely misses you. The hound bites you.
* * * LOW HITPOINT WARNING * * *
You closely miss the hound.
The hound is almost dead.
The hound bites you but does no damage.
You hit the hound but do no damage.
The hound is almost dead.
The hound bites you.
* * * LOW HITPOINT WARNING * * *
The hound bites you but does no damage.
You hit the hound. You freeze the hound.
The hound is almost dead.
The hound bites you.
* * * LOW HITPOINT WARNING * * *
The hound bites you.
You die...

####
###############...
###@............'...
#...h...#########...
#.......# #######...
#.......# #.........
#.......# #.###.#...
#.......# #.# #.#...
#.......# #.# #.#...
#.......# #.###.#...
#.......# #.....#...


You could see a hound.

Vanquished Creatures
  A hound (D:2)
  An adder (D:2)
  A dart slug (D:2)
  6 ball pythons
  2 endoplasms
  3 goblins (D:2)
  3 hobgoblins
  3 jackals (D:1)
  3 quokkas
  6 bats
  4 frilled lizards
  3 kobolds
  3 rats (D:2)
39 creatures vanquished.

Vanquished Creatures (others)
  2 plants (D:2)
2 creatures vanquished.

Grand Total: 41 creatures vanquished

Notes
Turn   | Place    | Note
-------+----------+-------------------------------------------
     0 | D:1      | Ajdolov the Ogre Air Elementalist began the quest for the
                  | Orb.
     0 | D:1      | Reached XP level 1. HP: 16/16 MP: 3/3
   145 | D:1      | Reached skill level 1 in Conjurations
   358 | D:1      | Reached skill level 3 in Air Magic
   358 | D:1      | Reached XP level 2. HP: 24/24 MP: 0/5
   752 | D:2      | Reached XP level 3. HP: 29/31 MP: 0/6
  1147 | D:2      | Reached XP level 4. HP: 39/39 MP: 3/7
  1203 | D:2      | Identified the +10 falchion "Hiaps" {holy, rF+ rC+ Str+2
                  | Dex-5}
  1499 | D:2      | Found a faded altar of an unknown god.
  1981 | D:2      | Slain by a hound

Illustrated notes

Levels and vault maps discovered:
D:1:      zelgadis_glass_arrival_small, layout_rooms
D:2:      layout_basic, chequers_ecumenical_altar_lobes
D:3:      layout_rooms, uniq_crazy_yiuf_cottage

Skill      XL: |  1  2 |
---------------+-------+-----
Conjurations   | 1 2 |  2.6
Air Magic      | 3 |  3.7
Dodging        | |  1.7
Stealth        | |  1.4
Spellcasting   | |  2.4

Action                   |  1- 3 |  4- 6 || total
-------------------------+-------+-------++-------
Melee: Spear             |    23 |    28 ||    51
 Cast: Shock             |    40 |    22 ||    62
 Stab: Sleeping          |     1 |     2 ||     3
Armor: Robe              |     7 |    14 ||    21
Dodge: Dodged            |    19 |    19 ||    38

Table legend: (Time is in decaauts)
 A = Elapsed time spent in this place.
 B = Non-inter-level travel time spent in this place.
 C = Inter-level travel time spent in this place.
 D = Time resting spent in this place.
 E = Time spent auto-exploring this place.
 F = Levels seen in this place.
 G = Mean time per level.
                   A        B        C        D        E       F      G
               +--------+--------+--------+--------+--------+-----+--------+
         Total |   1985 |   1964 |     21 |      0 |   1712 |   3 |  661.7 |
       Dungeon |   1985 |   1964 |     21 |      0 |   1712 |   3 |  661.7 |
               +--------+--------+--------+--------+--------+-----+--------+

Top non-repeatable levels by time:
     D:2: 1239 daAuts
     D:1: 742 daAuts
     D:3: 2 daAuts
